 Dungeon Crawl Stone Soup version 0.20.1-1-g8b1a95d (webtiles) character file.

322 shigeko the Slasher (level 6, -2/52 HPs)
             Began as a Minotaur Fighter on Nov 30, 2017.
             Slain by a gnoll sergeant
             ... wielding a +0 trident
              (8 damage)
             ... on level 3 of the Dungeon.
             The game lasted 00:04:56 (1986 turns).

shigeko the Slasher (Minotaur Fighter)              Turns: 1986, Time: 00:04:56

Health: -2/52      AC:  9    Str: 20    XL:     6   Next: 22%
Magic:  14/14      EV:  9    Int:  5    God:
Gold:   124        SH:  9    Dex: 12    Spells: 5/5 levels left

rFire    . . .     SeeInvis .   a - +0 long sword
rCold    . . .     Gourm    .   c - +0 shield
rNeg     . . .     Faith    .   m - +0 chain mail
rPois    .         Spirit   .   (helmet restricted)
rElec    .         Reflect  .   (no cloak)
rCorr    .         Harm     .   (no gloves)
MR       .....                  (no boots)
Stlth    ..........             p - amulet of rage
Regen    0.2/turn               k - ring of magical power
MPRegen  0.2/turn               g - +4 ring of evasion

@: glowing
A: retaliatory headbutt, horns 2
a: Evoke Berserk Rage


You were on level 3 of the Dungeon.
You were not hungry.

You visited 1 branch of the dungeon, and saw 3 of its levels.

You collected 124 gold pieces.

Inventory:

Hand Weapons
 a - a +0 long sword (weapon)
Armour
 c - a +0 shield (worn)
 m - a +0 chain mail (worn)
Jewellery
 g - a +4 ring of evasion (right hand)
 k - a ring of magical power (left hand)
 p - an amulet of rage (around neck)
Scrolls
 b - a scroll of enchant weapon {unknown}
 h - 2 scrolls of recharging {unknown}
 i - a scroll of magic mapping {unknown}
 n - 3 scrolls of enchant armour {unknown}
 q - a scroll of teleportation {unknown}
 s - 2 scrolls of immolation {unknown}
 t - a scroll of noise {unknown}
 u - a scroll of identify {unknown}
Potions
 d - a potion of might
 e - a potion of mutation {unknown}
 j - 2 potions of agility {unknown}
 l - 3 potions of haste {unknown}
 o - a potion of resistance {unknown}
 r - a potion of curing {unknown}
Comestibles
 f - 3 bread rations
 v - 7 chunks of flesh


   Skills:
 - Level 3.7 Fighting
 + Level 7.8 Long Blades
 - Level 3.6 Armour
 - Level 3.8 Shields


You had 5 spell levels left.
You didn't know any spells.

Dungeon Overview and Level Annotations

Branches:
Dungeon (3/15)

Altars:
Zin


Innate Abilities, Weirdness & Mutations

You reflexively headbutt those who attack you in melee.
You have a pair of horns on your head.


Message History

You hit the gnoll sergeant but do no damage.
You headbutt the gnoll sergeant, but do no damage.
You block the gnoll's attack. x2; The gnoll hits you but does no damage.
The gnoll closely misses you.
You riposte.
You hit the gnoll. You headbutt the gnoll.
You kill the gnoll!
Danger x7: gnoll x5, gnoll sergeant, gnoll shaman!
You barely miss the gnoll sergeant. You block the gnoll's attack.
You block the gnoll shaman's attack. The gnoll hits you but does no damage.
The gnoll closely misses you. You block the gnoll sergeant's attack.
You hit the gnoll sergeant.
The gnoll hits you from afar with a spear.
* * * LOW HITPOINT WARNING * * *
The gnoll shaman hits you with a club.
* * * LOW HITPOINT WARNING * * *
The gnoll barely misses you. You furiously retaliate!
You headbutt the gnoll!
You kill the gnoll!
You block the gnoll's attack. The gnoll barely misses you.
The gnoll sergeant hits you with a trident!
You die...

≈≈≈≈≈≈≈≈≈≈≈≈≈≈≈≈≈≈≈≈≈≈≈≈≈≈≈≈≈≈≈≈≈
≈≈≈≈≈≈≈≈≈≈≈≈≈≈≈≈≈≈≈≈≈≈≈≈≈≈≈≈#####
............................#.gg#
#############################...#
#+### ################## #.≈
.....#8..8#g...... #.≈
#8..'....g†g..... #.≈
#8..'....@gg..... #.≈
...#....#g...... #.≈
#.(..#######' #.≈ #....# #.≈
#(...# #.≈ #....# ###
############')''########## # #
............)..).......... #g #
≈≈≈≈≈≈≈≈≈≈≈≈....≈≈≈≈≈≈≈≈≈≈ #####


You could see a gnoll sergeant, a gnoll shaman and 4 gnolls.

Vanquished Creatures
  A centaur (D:3)
  A gnoll shaman (D:3)
  10 gnolls
  3 adders
  3 worms
  A dart slug (D:2)
  2 leopard geckos
  An orc (D:3)
  3 bats
  2 giant cockroaches
  8 hobgoblins
  14 jackals (D:3)
  2 quokkas (D:2)
  4 frilled lizards
  9 goblins
  4 kobolds (D:3)
  10 rats
78 creatures vanquished.

Notes
Turn   | Place    | Note
-------+----------+-------------------------------------------
     0 | D:1      | shigeko the Minotaur Fighter began the quest for the Orb.
     0 | D:1      | Reached XP level 1. HP: 19/19 MP: 0/0
   398 | D:1      | Reached XP level 2. HP: 26/27 MP: 1/1
   442 | D:1      | Reached skill level 3 in Long Blades
   683 | D:2      | Reached skill level 4 in Long Blades
   683 | D:2      | Reached XP level 3. HP: 33/33 MP: 2/2
   852 | D:2      | Reached skill level 5 in Long Blades
   852 | D:2      | Reached XP level 4. HP: 38/40 MP: 3/3
  1245 | D:3      | Found a glowing silver altar of Zin.
  1282 | D:3      | Reached skill level 6 in Long Blades
  1384 | D:3      | Reached XP level 5. HP: 46/46 MP: 4/4
  1801 | D:3      | Noticed a centaur
  1809 | D:3      | Killed a centaur
  1809 | D:3      | Reached skill level 7 in Long Blades
  1938 | D:3      | Reached XP level 6. HP: 52/52 MP: 5/5
  1986 | D:3      | Slain by a gnoll sergeant

Skill      XL: |  1  2  3  4  5 |
---------------+----------------+-----
Long Blades    | 4 5 6 7 |  7.8
Fighting       | |  3.7
Armour         | |  3.6
Shields        | |  3.8

Action                   |  1- 3 |  4- 6 || total
-------------------------+-------+-------++-------
Melee: Long sword        |    88 |   112 ||   200
       Headbutt          |    10 |    22 ||    32
 Abil: Evoke Berserk Rag |       |     1 ||     1
  Eat: Chunk             |       |     5 ||     5
Armor: Chain mail        |    43 |    54 ||    97
       Scale mail        |     2 |       ||     2
Dodge: Dodged            |    21 |    31 ||    52
Block: Shield            |    38 |    73 ||   111
       Rpst.: Long sword |     3 |    10 ||    13
